 Dungeon Crawl Stone Soup version 0.31-a0-618-g7ca08c1ff9 (webtiles) character file.

Game seed: 11931850000900682046

1416 Dirtsage the Mimic (level 8, -3/54 HPs)
             Began as an Octopode Shapeshifter on Aug 22, 2023.
             Shot with an arrow by a centaur (4 damage)
             ... on level 6 of the Dungeon.
             The game lasted 00:12:13 (5172 turns).

Dirtsage the Mimic (Octopode Shapeshifter)          Turns: 5172, Time: 00:12:14

Health: -3/54      AC:  1    Str: 14    XL:     8   Next: 71%
Magic:  8/8        EV: 13    Int: 12    God:
Gold:   163        SH:  0    Dex: 13    Spells: 7/7 levels left

rFire   . .          .
                       - Unarmed
rCold   . . .        (no shield)
rNeg    . . .        (helmet currently unavailable)
rPois   .            (no amulet)
rElec   .            S - ring of see invisible
rCorr   .            y - +4 ring of slaying
SInv    +            (no ring)
Will    .....        (no ring)
Stlth   ++           (no ring)
HPRegen 0.29/turn    (no ring)
MPRegen 0.11/turn    (no ring)
                     (no ring)

%: no passive effects
@: beast-form, hasted, very quick
A: beast (slay +4), almost no armour, amphibious, 8 rings, camouflage 1,
gelatinous body 1, (nimble swimmer 1), tentacles
a: Begin Untransformation


You were on level 6 of the Dungeon.
You were a hulking beast.
You visited 2 branches of the dungeon, and saw 7 of its levels.

You collected 163 gold pieces.

Inventory:

Missiles
 l - 5 atropa-tipped darts
 v - 2 throwing nets
Magical Staves
 j - a staff of conjuration
 k - a staff of death
 r - a staff of fire
Jewellery
 t - a ring of fire
 y - a +4 ring of slaying (right tentacle)
 S - a ring of see invisible (left tentacle)
Talismans
 b - a beast talisman (active)
 c - a flux talisman
 C - a beast talisman (active)
 D - a maw talisman
Wands
 a - a wand of flame (22)
 x - a wand of light (5)
 E - a wand of roots (8)
Scrolls
 f - a scroll of enchant weapon
 g - a scroll of fear
 n - a scroll of summoning
 o - a scroll of vulnerability
 p - a scroll of noise
 z - a scroll of blinking {unknown}
 A - a scroll of revelation {unknown}
 B - a scroll of amnesia {unknown}
Potions
 d - a potion of might
 e - a potion of resistance {unknown}
 h - a potion of haste
 i - a potion of enlightenment {unknown}
 m - a potion of degeneration {unknown}
 s - a potion of attraction {unknown}
 u - a potion of ambrosia {unknown}
 w - a potion of heal wounds {unknown}


   Skills:
 + Level 4.2 Fighting
 - Level 2.0 Dodging
 - Level 5.8 Unarmed Combat
 * Level 8.0 Shapeshifting


You had 7 spell levels left.
You didn't know any spells.
Your spell library contained the following spells:

 Spells                   Type           Power      Damage    Failure   Level
 Apportation              Tloc           0%         N/A       32%         1
 Vhi's Electric Charge    Tloc/Air       0%         N/A       69%         3
 Alistair's Intoxication  Tmut/Pois      0%         N/A       100%        5
 Arcjolt                  Conj/Air       0%         1d10      100%        5
 Plasma Beam              Fire/Air       0%         2x1d10    100%        6


Dungeon Overview and Level Annotations

Branches:
Dungeon (6/15)             Temple (1/1) D:5

Altars:
Dithmenos
Fedhas
Hepliaklqana
Kikubaaqudgha
Nemelex Xobeh
Okawaru
Ru
Uskayaw
Vehumet
Xom
Yredelemnul
Zin

Shops:
D:4 (

Annotations:
D:3 2 transporters, gruber's ghost, amateur TeSu


Innate Abilities, Weirdness & Mutations

You are a hulking beast.
Your limbs bulge with bestial killing power. (Slay +4)
You cannot wear most types of armour.
You are amphibious.
You can wear up to eight rings at the same time.
Your skin changes colour to match your surroundings (Stealth+).
Your rubbery body absorbs attacks. (AC +1, EV +1)
((You are camouflaged when in or above water. (Stealth+)))
You have tentacles for arms and can constrict up to eight enemies at once.


Message History

* * * LOW HITPOINT WARNING * * *
You take 1 damage, and have 13/54 hp.
It was a potion of haste.
You feel yourself speed up.
h - a potion of haste;
i - a fuming puce potion The centaur misses you.
The centaur closely misses you.
Okay, then.
You tentacle-slap the centaur. You squeeze the centaur.
You kill the centaur!
The centaur shoots an arrow.
The arrow hits you.
* * * LOW HITPOINT WARNING * * *
Your Shapeshifting skill increases to level 8!
You take 3 damage, and have 10/54 hp.
The centaur unwields a +0 shortbow.
The centaur hits you.
* * * LOW HITPOINT WARNING * * *
The centaur kicks you.
* * * LOW HITPOINT WARNING * * *
The centaur hits you.
* * * LOW HITPOINT WARNING * * *
The centaur kicks you but does no damage.
There is an open door here.
Things that are here:
a +0 shortbow; 10 gold pieces; a +0 shortbow You take 7 damage, and have 3/54 hp.
You feel better. The centaur closely misses you. The centaur kicks you.
* * * LOW HITPOINT WARNING * * *
The centaur hits you.
* * * LOW HITPOINT WARNING * * *
The centaur kicks you.
* * * LOW HITPOINT WARNING * * *
You feel better.
The centaur closely misses you. x2; The centaur hits you.
* * * LOW HITPOINT WARNING * * *
The centaur kicks you.
* * * LOW HITPOINT WARNING * * *
You regained 3 hp, and now have 6/54 hp.
The centaur wields a +0 shortbow.
The centaur shoots an arrow.
The arrow hits you.
* * * LOW HITPOINT WARNING * * *
The centaur wields a +0 shortbow.
The centaur shoots an arrow.
The arrow hits you.
You die...

......#.####
....≈≈≈≈##.#####....
......#
..####≈≈≈≈≈≈≈≈.....####..
......#
#..≈≈≈≈≈≈≈≈≈≈≈≈≈≈≈.......
$....##
≈≈≈≈≈≈≈≈≈≈≈≈≈≈≈≈≈≈≈≈#...
......#
≈≈≈≈≈≈..≈≈≈≈≈≈≈≈≈≈≈≈≈#..
......#
≈≈≈≈......≈≈≈≈≈≈≈≈≈≈≈...
.......
≈≈≈...cc...≈≈≈≈≈≈≈≈≈≈##.
≈≈...#)#..≈≈≈≈≈≈≈≈≈≈###
≈.. #h#..≈≈≈≈≈≈≈≈≈## ≈
#>#[.≈≈≈≈≈≈≈≈≈#
[.#.≈≈≈≈≈≈≈≈≈##
#..#.≈≈≈≈≈≈≈###
####.≈≈≈≈≈≈## ≈..≈≈≈≈≈###
≈≈≈≈≈≈≈≈## #≈≈≈≈≈≈###
########


You could see 2 centaurs.

Vanquished Creatures
  A black bear (D:3)
  2 centaurs (D:6)
  3 phantoms
  A bullfrog (D:6)
  3 scorpions
  2 howler monkeys (D:6)
  2 hounds (D:4)
  A jelly (D:5)
  A gnoll bouda (D:6)
  A quasit (D:4)
  Jessica (D:3)
  An orc wizard (D:3)
  Natasha (thrice) (D:2)
  3 iguanas
  Robin (D:3)
  4 gnolls (D:6)
  An adder (D:4)
  A shadow imp (D:4)
  5 white imps
  An ufetubus (D:4)
  A worm (D:4)
  2 dart slugs
  11 orcs
  10 bats
  13 endoplasms
  4 giant cockroaches
  13 hobgoblins
  2 jackals (D:1)
  9 kobolds
  8 quokkas
  4 ball pythons
  3 frilled lizards
  15 goblins
  4 rats
137 creatures vanquished.

Vanquished Creatures (others)
  A centaur (D:6)
1 creature vanquished.

Grand Total: 138 creatures vanquished

Notes
Turn   | Place    | Note
-------+----------+-------------------------------------------
     0 | D:1      | Dirtsage the Octopode Shapeshifter began the quest for the
                  | Orb.
     0 | D:1      | Reached XP level 1. HP: 13/13 MP: 1/1
    78 | D:1      | Reached XP level 2. HP: 18/18 MP: 2/2
   422 | D:1      | Reached XP level 3. HP: 17/23 MP: 3/3
   489 | D:1      | Reached skill level 4 in Shapeshifting
   854 | D:2      | Noticed Natasha
   863 | D:2      | Killed Natasha
   864 | D:2      | Reached XP level 4. HP: 12/28 MP: 4/4
   926 | D:2      | Found a sacrificial altar of Ru.
   990 | D:2      | Noticed Natasha
   996 | D:2      | Killed Natasha
  1004 | D:2      | Noticed Natasha
  1013 | D:2      | Killed Natasha
  1014 | D:2      | Reached skill level 5 in Shapeshifting
  1014 | D:2      | Reached XP level 5. HP: 17/33 MP: 5/5
  1783 | D:3      | Found an iron altar of Okawaru.
  1861 | D:3      | Found a faded altar of an unknown god.
  1867 | D:3      | Noticed a black bear
  1880 | D:3      | Killed a black bear
  1881 | D:3      | Reached skill level 6 in Shapeshifting
  1881 | D:3      | Reached XP level 6. HP: 23/38 MP: 6/6
  2081 | D:3      | Found a glowing silver altar of Zin.
  2107 | D:3      | Noticed Robin
  2149 | D:3      | Killed Robin
  2277 | D:3      | Noticed Jessica
  2280 | D:3      | Killed Jessica
  2444 | D:3      | Found a transporter.
  2446 | D:3      | Noticed gruber's ghost (amateur TeSu)
  2449 | D:3      | Found a transporter.
  2824 | D:4      | Found a sacrificial altar of Ru.
  2963 | D:4      | Found Lousm's Antique Weapon Shop.
  3082 | D:4      | Reached XP level 7. HP: 34/43 MP: 7/7
  3602 | D:5      | Entered Level 5 of the Dungeon
  3604 | D:5      | Identified the +0 leather armour "Zush" {rPois Str+3 Dex+2}
  3833 | D:5      | Reached skill level 7 in Shapeshifting
  3968 | D:5      | Found a staircase to the Ecumenical Temple.
  4004 | Temple   | Entered the Ecumenical Temple
  4401 | D:5      | Reached skill level 5 in Unarmed Combat
  4751 | D:6      | Reached XP level 8. HP: 51/51 MP: 8/8
  5169 | D:6      | Reached skill level 8 in Shapeshifting
  5172 | D:6      | HP: 1/54 [centaur/arrow (5)]
  5172 | D:6      | Shot with an arrow by a centaur

Illustrated notes

Levels and vault maps discovered:
D:1:      nzn_arrival_crosshair, layout_loops_ring, minmay_misc_feat_diagonals,
          chequers_serial_rivers_large_a
D:2:      minmay_spotlight, layout_rooms, basic_altar, minivault_25,
          minmay_tromino_v4_a, uniq_natasha
D:3:      layout_loops_ring, mainiacjoe_overflow_tiny_flanked, zin_statuary,
          ebering_ecumenical_altar_sacrificial, gammafunk_ghost_mausoleum,
          grunt_ministairs_15, uniq_jessica, uniq_robin
D:4:      layout_loops_ring, nicolae_ru_the_path_less_chosen, serial_shops,
          nicolae_diamond_shop, serial_demonic, serial_demonic_d,
          serial_demonic_c, serial_demonic_d, serial_demonic_g
D:5:      layout_gridville, minmay_temple_entry_glassed_door,
          kennysheep_generic_room_13
D:6:      layout_rooms, mainiacjoe_overflow_small_starburst,
          general_overflow_altar, centaur_isle
Temple:   nicolae_temple_ecumenical_triangle

Skill      XL: |  1  2  3  4  5  6  7  8 |
---------------+-------------------------+-----
Shapeshifting  | 4 5 6 7 8 |  8.0
Fighting       | 2 4 |  4.2
Unarmed Combat | 5 |  5.8
Dodging        | |  2.0

Action                     |  1- 3 |  4- 6 |  7- 9 || total
---------------------------+-------+-------+-------++-------
  Melee: Unarmed           |    54 |   122 |   100 ||   276
         Constrict         |    12 |    36 |    22 ||    70
         Tentacles         |     9 |    28 |    28 ||    65
         Punch             |     1 |     4 |     3 ||     8
  Evoke: Wand              |       |       |     2 ||     2
    Use: Potion            |       |     1 |     5 ||     6
         Scroll            |       |     6 |       ||     6
   Stab: Sleeping          |     9 |     7 |     1 ||    17
         Invisible         |       |       |     2 ||     2
         Distracted        |       |       |     1 ||     1
 Armour: Skin              |     4 |    16 |    11 ||    31
  Dodge: Dodged            |    38 |    62 |    62 ||   162
   Form: Flux              |       |     1 |     1 ||     2
         Beast             |       |       |     2 ||     2
                           |       |       |     1 ||     1

Table legend: (Time is in decaauts)
 A = Elapsed time spent in this place.
 B = Non-inter-level travel time spent in this place.
 C = Inter-level travel time spent in this place.
 D = Time resting spent in this place.
 E = Time spent auto-exploring this place.
 F = Levels seen in this place.
 G = Mean time per level.
                   A        B        C        D        E       F      G
               +--------+--------+--------+--------+--------+-----+--------+
         Total |   5167 |   5021 |    146 |    541 |   3609 |   7 |  738.1 |
       Dungeon |   5153 |   5009 |    144 |    541 |   3609 |   6 |  858.8 |
        Temple |     14 |     12 |      2 |      0 |      0 |   1 |   14.0 |
               +--------+--------+--------+--------+--------+-----+--------+

Top non-repeatable levels by time:
     D:5: 1124 daAuts
     D:4: 1018 daAuts
     D:3: 947 daAuts
     D:1: 824 daAuts
     D:2: 815 daAuts
     D:6: 422 daAuts
  Temple: 14 daAuts
